 Dungeon Crawl Stone Soup version 0.20-a0-738-gb057e68 (webtiles) character file.

18 nono the Sneak (level 2, 0/13 HPs)
             Began as a Vine Stalker Enchanter on Feb 23, 2017.
             Succumbed to an adder's poison
             ... on level 2 of the Dungeon.
             The game lasted 00:03:07 (709 turns).

nono the Sneak (Vine Stalker Enchanter)              Turns: 709, Time: 00:03:07

Health: 0/13       AC:  2    Str: 10    XL:     2   Next: 66%
Magic:  1/6        EV: 12    Int: 20    God:
Gold:   35         SH:  0    Dex: 14    Spells: 2/5 levels left

rFire    . . .     SeeInvis .   a - +1 dagger
rCold    . . .     Gourm    .   b - +0 robe
rNeg     . . .     Faith    .   (no shield)
rPois    .         Spirit   +   (no helmet)
rElec    .         Reflect  .   (no cloak)
rCorr    .         Harm     .   (no gloves)
MR       +....     Rnd*Tele +   (no boots)
Stlth    +++.......             (no amulet)
Regen    0.1/turn               k - ring of teleportation (curse)
MPRegen  0.1/turn               i - ring of protection from magic

@: brilliant, lethally poisoned (0 -> -5), very slightly contaminated
A: fangs 2, magic shield, antimagic bite, no potion heal 3, rot immunity
a: no special abilities


You were on level 2 of the Dungeon.
You were not hungry.

You visited 1 branch of the dungeon, and saw 2 of its levels.

You collected 35 gold pieces.

Inventory:

Hand Weapons
 a - a +1 dagger (weapon)
Armour
 b - a +0 robe (worn)
Jewellery
 i - a ring of protection from magic (left hand)
 k - a cursed ring of teleportation (right hand)
Scrolls
 e - a scroll of blinking {unknown}
 g - 2 scrolls of identify {unknown}
Books
 c - a book of Maledictions

   Spells                             Type                      Level
   a - Corona                         Hexes                        1
   b - Ensorcelled Hibernation        Hexes/Ice                    2
   c - Confuse                        Hexes                        3
   d - Tukima's Dance                 Hexes                        3
   e - Dazzling Spray                 Conjuration/Hexes            3
Comestibles
 d - a bread ration
 f - a meat ration


   Skills:
 + Level 1.5 Short Blades
 - Level 1.5 Dodging
 + Level 4.1 Stealth
 - Level 2.1 Spellcasting
 - Level 3.0 Hexes
 - Level 1.0 Ice Magic


You had 2 spell levels left.
You knew the following spells:

 Your Spells              Type           Power        Failure   Level  Hunger
a - Corona                Hex            ####...      1%          1    #......
b - Ensorcelled Hibernat  Hex/Ice        ###...       1%          2    ##.....


Dungeon Overview and Level Annotations

Branches:
Dungeon (2/15)

Altars:


Innate Abilities, Weirdness & Mutations

You have extremely sharp teeth.
When hurt, damage is shared between your health and your magic reserves.
Your bite disrupts and absorbs the magic of your enemies.
Potions cannot restore your health.
You are immune to rotting.


Message History

The adder is moderately wounded.
The adder bites you.
You are poisoned.
The adder poisons you! The adder bites you.
It was a potion of brilliance.
You feel clever all of a sudden.
You feel sick. The adder barely misses you.
A giant cockroach comes into view.
* * * LOW HITPOINT WARNING * * *
You feel sick.
You closely miss the adder. Your bite misses the adder.
The adder is moderately wounded.
The adder bites you but does no damage. The adder barely misses you.
You hit the adder.
The adder is heavily wounded.
The adder bites you.
* * * LOW HITPOINT WARNING * * *
You barely miss the adder.
The adder is heavily wounded.
You die...

.........#.....
.##..S.(#....#
#...........#
...##.#g##...#
## #(..###.## .
##......# s..
#####S###...#
.....##.Sgsg#
..#
.......@#####
..# ..####...#
.. ###... (
##.# .... .#
...# . ##... .
##.... ##.##
#.....
...##.....


You could see 2 adders, 2 giant cockroaches and 2 goblins.

Vanquished Creatures
  A dart slug (D:1)
  2 goblins (D:1)
  2 hobgoblins (D:1)
  4 bats (D:1)
  2 frilled lizards (D:1)
  4 kobolds (D:1)
15 creatures vanquished.

Notes
Turn   | Place    | Note
-------+----------+-------------------------------------------
     0 | D:1      | nono the Vine Stalker Enchanter began the quest for the Orb.
     0 | D:1      | Reached XP level 1. HP: 9/9 MP: 4/4
     7 | D:1      | Noticed a merfolk zombie
    14 | D:1      | Noticed a minotaur zombie
    17 | D:1      | Noticed a merfolk zombie
    35 | D:1      | Reached skill level 1 in Short Blades
   100 | D:1      | Reached skill level 4 in Stealth
   100 | D:1      | Reached XP level 2. HP: 5/13 MP: 6/6
   318 | D:1      | Learned a level 2 spell: Ensorcelled Hibernation
   548 | D:1      | Reached skill level 1 in Ice Magic
   709 | D:2      | Succumbed to an adder's poison

Vault maps used:
D:1:      shiori_arrival_whats_in_store_for_you
D:2:      overflow_temple_1_default, first_bread

Skill      XL: |  1  2 |
---------------+-------+-----
Short Blades   | 1 |  1.5
Stealth        | 4 |  4.1
Ice Magic      | 1 |  1.0
Dodging        | |  1.5
Spellcasting   | |  2.1
Hexes          | |  3.0

Action                   || total
-------------------------++-------
Melee: Dagger            ||    53
       Bite              ||    10
 Cast: Ensorcelled Hiber ||     5
  Use: Potion            ||     1
 Stab: Sleeping          ||     3
Armor: Robe              ||    12
Dodge: Dodged            ||    53
